[Event "Live Chess"]
[Site "Chess.com"]
[Date "2023.05.21"]
[Round "-"]
[White "1PRK1"]
[Black "MJMykh"]
[Result "0-1"]
[WhiteElo "1345"]
[BlackElo "1133"]
[TimeControl "300"]
[EndTime "1:54:56 PDT"]
[Termination "MJMykh won on time"]

1. e4 e5 2. Nf3 Nc6 3. Bb5 d6 4.
h3 Nf6 5. d3 Bd7 6. O-O h6 7.
c3 Be7 8. Nbd2 O-O 9. Re1 a6 10. Ba4 Na7 11. Nf1 Bxa4 12. Qxa4 Nc6 13. d4 exd4 14.
cxd4 b5 15. Qc2 d5 16. Qxc6 dxe4 17. Ne5 Bb4 18. Rd1 Re8 19. a3 Ba5 20. Ne3 Bb6 21. Nd5 Qxd5 22. Qxd5 Nxd5 23. Bf4 Nf6 24. Rac1 Rad8 25.
Nc6 Rc8 26. d5 Kh7 27. Nb4 a5 28. Nc6 Kg6 29. Ne5+ Kf5 30. g3 Rf8 31. Rc6 Rcd8 32.
d6 g6 33. Kg2 Ba7 34. Rxc7 Bb8 35. Rc6 a4 36. f3 exf3+ 37. Kxf3 Ke6 38. d7+ Ke7 39. Re1 Bxe5 40. Rxe5+ Kxd7 41. Rxf6 Kc8 42.
Rc5+ Kd7 43. Rc7+ Ke8 44. Rb7 g5 45. Be5 Rd3+ 46. Ke4 Rd8 47. Rxb5 h5 48. Ra5 h4 49.
g4 Rg8 50. Rxa4 Rf8 51. Ra7 Rg8 52. Rc7 Rf8 53. Kf5 Ra8 54. Kxg5 Rd8 55. Kxh4 Ra8 56.
Kg5 Rd8 57. Kh6 Rh8+ 58. Kg5 Rg8+ 59. Kf5 Rf8 60. Kf4 Rg8 0-1

[Event "Live Chess"]
[Site "Chess.com"]
[Date "2023.05.21"]
[Round "-"]
[White "jagbama"]
[Black "PrinceCharming_1"]
[Result "0-1"]
[WhiteElo "1163"]
[BlackElo "1615"]
[TimeControl "300"]
[EndTime "1:55:05 PDT"]
[Termination "PrinceCharming_1 won by resignation"]

1. e4 e5 2. Nf3 Nc6 3. Bb5 Nf6 4. Bxc6 dxc6 5. Nxe5 Qd4 6. Nf3 Qxe4+ 7. Qe2 Qxe2+ 8.
Kxe2 Bd6 9. g3 Bg4 10. Re1 O-O 11.
d3 Rfe8+ 12. Kf1 Bxf3 13. Rxe8+ Rxe8 14. Be3 Ng4 15. Kg1 Nxe3 16. fxe3 Rxe3 17. Nd2 Bh5 18. Kf2 Re2+ 19. Kf1 Rxd2 20. Re1 g6 0-1

[Event "Live Chess"]
[Site "Chess.com"]
[Date "2023.05.21"]
[Round "-"]
[White "MaximKris"]
[Black "hturner40"]
[Result "1/2-1/2"]
[WhiteElo "1810"]
[BlackElo "1782"]
[TimeControl "300"]
[EndTime "1:55:18 PDT"]
[Termination "Game drawn by repetition"]

1. e4 Nc6 2. Nf3 e5 3. Nc3 Nf6 4. Bc4 Nxe4 5. Nxe4 d5 6. Bd3 dxe4 7. Bxe4 Bd6 8. O-O O-O 9. d3 Bg4 10. h3 Bh5 11. g4 Bg6 12. Bxg6 fxg6 13. Bg5 Qd7 14. Re1 Qf7 15. Kg2 Nd4 16. Re3 Bc5 17. c3 Nc6 18.
Re4 Rad8 19. Qe2 Rde8 20. Rf1 Qd5 21. c4 Qd6 22. h4 Nd4 23. Nxd4 Bxd4 24. b3 h6 25. Be3 c5 26. Bxd4 cxd4 27. f3 Re6 28.
f4 Qe7 29. f5 gxf5 30. gxf5 Ra6 31. Kh3 Qa3 32. Rxe5 Qxa2 33. Qxa2 Rxa2 34. Rd5 Rb2 35. Rxd4 Rxb3 36. Rd7 a5 37. Kg4 a4 38. Kh5 a3 39.
Rg1 Rf6 40. Rgxg7+ Kf8 41. Rh7 Ke8 42. Rc7 Kd8 43. Rhd7+ Ke8 44. Re7+ Kf8 45. Rh7 Kg8 46. Rcg7+ Kf8 47. Rc7 Kg8 48. Rhg7+ Kf8 49. Rh7 1/2-1/2

[Event "Live Chess"]
[Site "Chess.com"]
[Date "2023.05.21"]
[Round "-"]
[White "ProfPoisson"]
[Black "HoarseyHorsey"]
[Result "1-0"]
[WhiteElo "1217"]
[BlackElo "1454"]
[TimeControl "300"]
[EndTime "1:55:21 PDT"]
[Termination "ProfPoisson won by resignation"]

1. e4 c5 2. Nf3 e6 3. c3 d5 4. e5 Nc6 5. d4 g6 6. Bd3 c4 7. Bc2 Bg7 8. Be3 Nge7 9. Qd2 O-O 10. Bh6 Nf5 11. Bxg7 Nxg7 12. h4 h5 13. Qh6 Nf5 14.
Bxf5 exf5 15. Ng5 Qxg5 16. Qxg5 b5 17. Nd2 b4 18. f3 bxc3 19. bxc3 Be6 20. Rb1 Rab8 21. Rxb8 Rxb8 22. O-O Rb2 23. Rb1 Rxa2 24. g4 fxg4 25. fxg4 Bxg4 26. Rb8+ Nxb8 27. Qd8+ Kg7 28. Qxb8 Rxd2 29. Qd6 Rd3 30. Qxd5 Rg3+ 31. Kf2 Rxc3 32. e6 Bxe6 33. Qe5+ Kg8 34. d5 Rc2+ 35. Ke3 Bf5 36. Qb8+ Kg7 37. Qxa7 Rc1 38. Qd4+ Kg8 39. d6 Re1+ 40. Kd2 Rh1 41. d7 Bxd7 42. Qxd7 Rxh4 43. Qd8+ 1-0

[Event "Live Chess"]
[Site "Chess.com"]
[Date "2023.05.21"]
[Round "-"]
[White "Ian-Morley"]
[Black "chessfiction"]
[Result "0-1"]
[WhiteElo "1077"]
[BlackElo "2332"]
[TimeControl "300"]
[EndTime "1:55:40 PDT"]
[Termination "chessfiction won by resignation"]

1. e4 e5 2. Nf3 d5 3. exd5 e4 4. Nd4 Qxd5 5. c3 Bc5 6. Qa4+ Bd7 7. Bb5 c6 8. Bc4 Qg5 9. O-O Bh3 10. g3 Nf6 11. d3 Qh5 12. Bxf7+ Kxf7 13. Qc4+ Ke7 14. Re1 Bxd4 15. cxd4 Qf3 16. Qc5+ Kd7 17. Qf5+ Bxf5 18. dxe4 Bh3 0-1

[Event "Live Chess"]
[Site "Chess.com"]
[Date "2023.05.21"]
[Round "-"]
[White "MarkLim1"]
[Black "JoeyCage"]
[Result "0-1"]
[WhiteElo "1721"]
[BlackElo "2306"]
[TimeControl "300"]
[EndTime "1:55:40 PDT"]
[Termination "JoeyCage won by resignation"]

1. d4 d5 2. Nf3 e6 3. c4 c6 4. e3 f5 5. b3 Nf6 6. Ba3 Bxa3 7. Nxa3 Qa5+ 8. Qd2 Qxa3 9. Bd3 O-O 10. h3 Ne4 11. Bxe4 0-1

[Event "Live Chess"]
[Site "Chess.com"]
[Date "2023.05.21"]
[Round "-"]
[White "yeetpizza74"]
[Black "rasrae1364"]
[Result "0-1"]
[WhiteElo "465"]
[BlackElo "1739"]
[TimeControl "300"]
[EndTime "1:55:41 PDT"]
[Termination "rasrae1364 won by checkmate"]

1. e4 e5 2. Nf3 Nc6 3. Bc4 Bc5 4. d3 d6 5. Ng5 Nh6 6. O-O O-O 7. c3 Bg4 8. Qb3 Na5 9. Qa4 Nxc4 10. dxc4 a5 11. Qb3 Qf6 12. Be3 Bxe3 13. fxe3 Qxg5 14.
Qxb7 Rab8 15. Qxc7 Rxb2 16. Rxf7 Qxe3+ 17. Kf1 Qf2+ 18. Rxf2 Rbxf2+ 19. Ke1 Re2+ 20. Kd1 Rf1# 0-1

[Event "Live Chess"]
[Site "Chess.com"]
[Date "2023.05.21"]
[Round "-"]
[White "Tiltador"]
[Black "SupremeTactician"]
[Result "0-1"]
[WhiteElo "859"]
[BlackElo "2288"]
[TimeControl "300"]
[EndTime "1:55:44 PDT"]
[Termination "SupremeTactician won by checkmate"]

1. e4 e5 2. Nf3 Nc6 3. Bb5 a6 4. Bxc6 dxc6 5. Nxe5 Qd4 6. Nf3 Qxe4+ 7. Qe2 Qxe2+ 8.
Kxe2 Nf6 9. d3 Bd6 10. Be3 O-O 11. Nc3 Be6 12. Ne4 Nxe4 13. dxe4 Bc4+ 14. Kd2 Rad8 15. b3 Bb4+ 16. Kc1 Ba3+ 17. Kb1 Be6 18. c4 Bg4 19.
Kc2 Rfe8 20. h3 Bxf3 21. gxf3 Rd7 22. Rhd1 Red8 23. Rxd7 Rxd7 24. f4 f6 25. e5 fxe5 26. fxe5 Kf7 27. h4 Ke6 28. f4 g6 29. Rd1 Rxd1 30. Kxd1 Be7 31. Bf2 Kf5 32. Bg3 Kg4 33. Bf2 Kxf4 34. Ke2 Kxe5 35. Bg3+ Ke4 36. Bxc7 Bxh4 37. Kd1 Bf6 38. Kc2 h5 39. a4 g5 40. Bh2 g4 41. b4 h4 42. b5 g3 43.
Bg1 h3 44. bxc6 bxc6 45. Kb3 h2 46. Bxh2 gxh2 47. c5 h1=Q 48. Kc4 Qc1+ 49. Kb4 Qc3# 0-1

[Event "Live Chess"]
[Site "Chess.com"]
[Date "2023.05.21"]
[Round "-"]
[White "elephantgerrald"]
[Black "SteveValentine83"]
[Result "0-1"]
[WhiteElo "705"]
[BlackElo "1533"]
[TimeControl "300"]
[EndTime "1:55:59 PDT"]
[Termination "SteveValentine83 won on time"]

1. e4 d5 2. exd5 Nf6 3. c4 e6 4.
dxe6 Bxe6 5. Qa4+ Nc6 6. g3 Qe7 7. Bg2 Bd5+ 8. Be4 Bxe4 9. f3 Bc2+ 10. Ne2 Bxa4 11. O-O Qxe2 12. Nc3 Bc5+ 13. Kh1 Bc2 14. Nxe2 O-O-O 15. Nf4 Bd3 16. Nxd3 Rxd3 17. b3 Bd4 18. Rb1 Ne5 19. Kg2 Rd8 20. Ba3 Rxd2+ 21. Kh3 Ng6 22. Bb4 Rf2 23. Rxf2 Bxf2 24. Be7 Nxe7 25. Kg2 Bb6 26.
Re1 Ng6 27. b4 Rd2+ 28. Kh3 Bf2 29. Rf1 Rxa2 30. c5 Nd5 0-1

[Event "Live Chess"]
[Site "Chess.com"]
[Date "2023.05.21"]
[Round "-"]
[White "JoshMcK"]
[Black "KeithArkell"]
[Result "0-1"]
[WhiteElo "1523"]
[BlackElo "2508"]
[TimeControl "300"]
[EndTime "1:56:00 PDT"]
[Termination "KeithArkell won by checkmate"]

1. e4 c6 2. d4 d5 3. e5 c5 4. Nf3 cxd4 5. Qxd4 Nc6 6. Qf4 e6 7. Bd3 h6 8. O-O Nge7 9. Nc3 a6 10. a3 g5 11. Qg3 Nf5 12. Bxf5 exf5 13. Bxg5 hxg5 14.
Qxg5 Qxg5 15. Nxg5 Be6 16. Nxe6 fxe6 17. f4 Nd4 18. Rac1 Bc5 19. Kh1 Kf7 20. g3 b5 21.
b4 Bb6 22. Rfe1 Rac8 23. Ne2 Nf3 24. Rf1 Rxh2# 0-1

[Event "Live Chess"]
[Site "Chess.com"]
[Date "2023.05.21"]
[Round "-"]
[White "Singapourfeuj"]
[Black "Woodpusher500"]
[Result "1-0"]
[WhiteElo "2180"]
[BlackElo "1042"]
[TimeControl "300"]
[EndTime "1:56:06 PDT"]
[Termination "Singapourfeuj won by resignation"]

1. d4 c5 2. dxc5 e6 3. Be3 Nf6 4. Nd2 Nc6 5. f3 g6 6. Nh3 d6 7. cxd6 Bxd6 8. Bf4 O-O 9. e3 Bxf4 10. exf4 Re8 11.
Bd3 e5 12. O-O Bxh3 13. gxh3 exf4 14. Ne4 Nh5 15. Kh1 Nd4 16. c3 Nf5 17. Bc4 Rxe4 18.
Qxd8+ Rxd8 19. fxe4 Nfg3+ 20. hxg3 Nxg3+ 21. Kg2 Nxf1 22. Rxf1 g5 23. Rf2 Re8 24. Bd5 Re5 25. h4 h6 26.
c4 Kg7 27. Kf3 f5 28. exf5 Rxf5 29. hxg5 hxg5 30. Kg4 Kg6 31. Be4 Kf6 32. Bxf5 1-0

[Event "Live Chess"]
[Site "Chess.com"]
[Date "2023.05.21"]
[Round "-"]
[White "domrobson"]
[Black "chekagain"]
[Result "0-1"]
[WhiteElo "1731"]
[BlackElo "830"]
[TimeControl "300"]
[EndTime "1:56:07 PDT"]
[Termination "chekagain won by checkmate"]

1. d4 e5 2. dxe5 Nc6 3. Nf3 Qe7 4. Bg5 f6 5. exf6 gxf6 6. Bd2 Bh6 7. Nc3 Bxd2+ 8. Qxd2 d6 9. e3 Bf5 10. Be2 Nb4 11. Bd3 Nxd3+ 12. cxd3 c5 13. O-O O-O-O 14. e4 Kb8 15. exf5 Nh6 16. Qxh6 Rde8 17. Qf4 Qc7 18. Nd5 Qc6 19. Nxf6 Ref8 20. Ne4 Rhg8 21. Nxd6 Rg7 22. f6 Rgg8 23. Ne4+ Kc8 24. Ne5 Rxf6 25. Nxf6 Qxg2# 0-1

[Event "Live Chess"]
[Site "Chess.com"]
[Date "2023.05.21"]
[Round "-"]
[White "DRS44"]
[Black "OleksiyJr1"]
[Result "1-0"]
[WhiteElo "1324"]
[BlackElo "976"]
[TimeControl "300"]
[EndTime "1:56:15 PDT"]
[Termination "DRS44 won by resignation"]

1. e4 c5 2. c3 Nc6 3. d4 cxd4 4. cxd4 e6 5. Nc3 d5 6. e5 f6 7. Nf3 Bb4 8. Bd3 Qb6 9. O-O Nxd4 10. Nxd4 Qxd4 11.
Bb5+ 1-0

[Event "Live Chess"]
[Site "Chess.com"]
[Date "2023.05.21"]
[Round "-"]
[White "JanMur7"]
[Black "Doge_Dandolo"]
[Result "1-0"]
[WhiteElo "1973"]
[BlackElo "1880"]
[TimeControl "300"]
[EndTime "1:56:20 PDT"]
[Termination "JanMur7 won by resignation"]

1. e4 c6 2. d4 d5 3. Nc3 dxe4 4. Nxe4 Bf5 5. Ng3 Bg6 6. Nf3 Nd7 7. Bd3 e6 8. O-O Ngf6 9. c3 Bd6 10. Re1 Qc7 11.
Ne4 Nxe4 12. Bxe4 Bxe4 13. Rxe4 Nf6 14. Re1 O-O 15. Ne5 c5 16. Bf4 Rfd8 17. dxc5 Bxc5 18. Qf3 Bd6 19. Rad1 Rac8 20. Nd3 Bxf4 21. Qxf4 Qxf4 22.
Nxf4 Kf8 23. Kf1 Ke7 24. Ke2 g6 25. f3 b5 26. Rxd8 Rxd8 27. Rd1 Rxd1 28. Kxd1 Kd6 29.
Ke2 Ke5 30. Nd3+ Kd5 31. Ke3 a5 32. Nf4+ Ke5 33. Nd3+ Kd5 34. Nc1 Ke5 35. g3 Nd5+ 36. Kd3 f5 37. Nb3 a4 38. Nd4 Nc7 39. Nc6+ Kd6 40. Nb4 e5 41. h4 Nd5 42. Nxd5 Kxd5 43. b3 e4+ 44. fxe4+ fxe4+ 45. Ke3 axb3 46. axb3 h5 47. c4+ bxc4 48. bxc4+ Kc5 49. Kxe4 Kxc4 50.
Kf4 Kd5 51. Kg5 Ke4 52. Kxg6 Kf3 53. Kxh5 Kxg3 54. Kg5 Kf3 55. h5 Ke4 56. h6 Ke5 57. h7 Ke6 58. h8=Q 1-0

[Event "Live Chess"]
[Site "Chess.com"]
[Date "2023.05.21"]
[Round "-"]
[White "mliszewski"]
[Black "RichardABates"]
[Result "0-1"]
[WhiteElo "1836"]
[BlackElo "2139"]
[TimeControl "300"]
[EndTime "1:56:30 PDT"]
[Termination "RichardABates won by resignation"]

1. d4 Nf6 2. Bg5 Ne4 3. h4 d5 4. Nd2 Nxg5 5. hxg5 c5 6. c3 Nc6 7. e3 cxd4 8. cxd4 e5 9. dxe5 Nxe5 10. Ngf3 Nc6 11.
Bb5 Be7 12. Qc2 Qb6 13. Rxh7 Rxh7 14. Bxc6+ bxc6 15. Qxh7 Qxb2 16. Rb1 Qc3 17. g6 Be6 18. Nd4 Bb4 19. Nxe6 Qxd2+ 20. Kf1 Qd3+ 21. Kg1 Qxb1+ 22.
Kh2 Bd6+ 23. g3 Qxg6 24. Nxg7+ Kd7 25. Qh3+ Kc7 26. Nf5 Be5 27. Ne7 Qe6 0-1

[Event "Live Chess"]
[Site "Chess.com"]
[Date "2023.05.21"]
[Round "-"]
[White "zdanevych"]
[Black "Ian-Morley"]
[Result "1-0"]
[WhiteElo "1534"]
[BlackElo "1075"]
[TimeControl "300"]
[EndTime "1:57:04 PDT"]
[Termination "zdanevych won by resignation"]

1. d4 e5 2. dxe5 Nc6 3. Nf3 Qe7 4. Bf4 Qb4+ 5. Bd2 Qxb2 6. Nc3 Bb4 7. Rb1 Qa3 8. Rb3 Qa5 9. e3 Bxc3 10. Bxc3 Qa6 11.
Bxa6 bxa6 12. O-O Na5 1-0

[Event "Live Chess"]
[Site "Chess.com"]
[Date "2023.05.21"]
[Round "-"]
[White "Mugzwang"]
[Black "peter-785"]
[Result "1-0"]
[WhiteElo "1564"]
[BlackElo "1190"]
[TimeControl "300"]
[EndTime "1:57:19 PDT"]
[Termination "Mugzwang won on time"]

1. Nf3 c5 2. c4 d6 3. Nc3 e6 4. g3 Nf6 5. Bg2 Be7 6. O-O Nc6 7. e3 Qc7 8. d4 cxd4 9. exd4 Rb8 10. Re1 O-O 11. Bf4 Qb6 12. b3 Ra8 13. Rc1 Rd8 14. Be3 Qc7 15. d5 exd5 16. Nxd5 Qa5 17. Nxe7+ Nxe7 18.
Bg5 Be6 19. Bxf6 gxf6 20. Qd4 Qf5 21. Nh4 Qg5 22. Bxb7 Rab8 23. Qxa7 Nf5 24. Nxf5 Qxf5 25. Be4 Qg5 26. Qe3 Qa5 27. Qe2 f5 28. Bg2 Qc5 29. Qe3 Qb4 30. Qg5+ Kh8 31. Bh3 Qb7 32. Bxf5 Bxf5 33. Qxf5 Rg8 34. Qf6+ Rg7 35. Re7 1-0

[Event "Live Chess"]
[Site "Chess.com"]
[Date "2023.05.21"]
[Round "-"]
[White "Biranidun"]
[Black "Ferrarifan27"]
[Result "1-0"]
[WhiteElo "2547"]
[BlackElo "2093"]
[TimeControl "300"]
[EndTime "1:57:23 PDT"]
[Termination "Biranidun won by resignation"]

1. e4 e5 2. Nf3 Nc6 3. Bc4 Bc5 4. c3 Nf6 5. d4 exd4 6. b4 Be7 7. e5 Ng4 8. cxd4 Bxb4+ 9. Nbd2 O-O 10. h3 Nh6 11.
O-O d6 12. Rb1 Bxd2 13. Bxd2 dxe5 14. Bxh6 gxh6 15. Qc1 e4 16. Nh2 Qg5 17. Qc3 Rb8 18. Rfe1 Bf5 19. d5 Ne7 20. Bb3 e3 21. Rxe3 Bxb1 22. Rg3 Bg6 23. Rxg5 hxg5 24. Qxc7 Nf5 25. Ng4 Rfc8 26. Nf6+ Kg7 27. Qe5 Kf8 28. Nd7+ Kg8 29. Nxb8 Rxb8 30. Qxb8+ 1-0

[Event "Live Chess"]
[Site "Chess.com"]
[Date "2023.05.21"]
[Round "-"]
[White "Duke_of_Bebington"]
[Black "PrinceCharming_1"]
[Result "0-1"]
[WhiteElo "1589"]
[BlackElo "1623"]
[TimeControl "300"]
[EndTime "1:57:27 PDT"]
[Termination "PrinceCharming_1 won by checkmate"]

1. e4 e5 2. Nf3 Nc6 3. Bc4 Bc5 4. b4 Bxb4 5. c3 Ba5 6. d4 exd4 7. O-O d3 8. Qxd3 Nge7 9. Ng5 O-O 10. Nxf7 Rxf7 11. Bg5 Ne5 12. Bxf7+ Nxf7 13. Bxe7 Qxe7 14. Qd5 Bb6 15.
Na3 c6 16. Qb3 Kh8 17. Nc4 Bc7 18. Rad1 Ne5 19. Ne3 Qh4 20. Nf5 Nf3+ 21. gxf3 Qxh2# 0-1

[Event "Live Chess"]
[Site "Chess.com"]
[Date "2023.05.21"]
[Round "-"]
[White "Hacker_2009"]
[Black "WombatIn_A_Box"]
[Result "1-0"]
[WhiteElo "1912"]
[BlackElo "533"]
[TimeControl "300"]
[EndTime "1:57:34 PDT"]
[Termination "Hacker_2009 won by checkmate"]

1. d4 Nc6 2. Nf3 d5 3. e3 Nf6 4. c4 e5 5. dxe5 Nxe5 6. Nxe5 Ne4 7. Qxd5 Qxd5 8. cxd5 Bd6 9. Nc4 Bb4+ 10. Nbd2 Nxd2 11.
Bxd2 Bxd2+ 12. Kxd2 b5 13. Na3 a6 14. Rc1 Ra7 15.
Be2 O-O 16. Bf3 Re8 17. e4 Bd7 18. Nc2 c6 19. dxc6 Bxc6 20. Rhe1 b4 21. Nxb4 Bb5 22. Nd5 g6 23. Nf6+ Kf8 24. Nxe8 Kxe8 25. Ke3 Re7 26. Red1 Ba4 27. Rc8# 1-0

[Event "Live Chess"]
[Site "Chess.com"]
[Date "2023.05.21"]
[Round "-"]
[White "EdenHazard8"]
[Black "Tushinskiy"]
[Result "1-0"]
[WhiteElo "1971"]
[BlackElo "2158"]
[TimeControl "300"]
[EndTime "1:57:44 PDT"]
[Termination "EdenHazard8 won by checkmate"]

1. e4 e5 2. Nf3 d6 3. Bc4 Bg4 4. d3 Nf6 5. h3 Bh5 6. Nbd2 Be7 7. c3 c6 8. O-O Nbd7 9. Re1 O-O 10. Nf1 Qc7 11. Ng3 Bg6 12. Nh4 d5 13. Nhf5 Rfe8 14. Nxe7+ Rxe7 15. Bb3 Rd8 16. Nf5 Ree8 17. Bg5 Bxf5 18.
exf5 Nc5 19. Bxf6 gxf6 20. Qh5 Nxd3 21. Re3 Nf4 22. Qh6 Kh8 23. Qxf6+ Kg8 24. Rg3+ Kf8 25. Qg7+ Ke7 26. f6+ Kd6 27. Qxh7 Ne2+ 28. Kh2 Nxg3 29. fxg3 Rh8 30. Qf5 Rde8 31. Re1 b5 32. Qf2 a5 33. Bc2 Qd8 34. b4 axb4 35. cxb4 d4 36. Be4 Re6 37.
Rc1 Kc7 38. Qe2 Kb6 39. a4 Qxf6 40.
axb5 cxb5 41. Rc5 Ka7 42. Qxb5 Rb6 43. Rc7+ Kb8 44. Rb7+ Rxb7 45. Qxb7# 1-0

[Event "Live Chess"]
[Site "Chess.com"]
[Date "2023.05.21"]
[Round "-"]
[White "HadesLearmonth"]
[Black "elizaveta_frundina"]
[Result "0-1"]
[WhiteElo "1208"]
[BlackElo "1576"]
[TimeControl "300"]
[EndTime "1:58:04 PDT"]
[Termination "elizaveta_frundina won by checkmate"]

1. e4 c5 2. Nf3 d6 3. d4 cxd4 4. Nxd4 Nf6 5. Nc3 a6 6. Be2 e5 7. Nf3 Be7 8. Bg5 Be6 9. O-O O-O 10.
a3 h6 11. Bxf6 Bxf6 12. b4 Nd7 13. Nd5 Rc8 14. Qd2 Bxd5 15. exd5 e4 16. Nd4 Qb6 17.
c3 Rxc3 18. Qxc3 Bxd4 19. Qg3 Bxa1 20. Rxa1 Ne5 21. Rc1 a5 22. b5 f5 23. Bh5 Qd8 24.
f4 Nd3 25. Rd1 Qb6+ 26. Kh1 Nf2+ 27. Kg1 Nxd1+ 28. Kf1 Qe3 29. Bxd1 Qxg3 30. hxg3 Rc8 31. Ke2 Rc3 32. a4 Rxg3 33. Kf2 Ra3 34. g3 Rd3 35. Be2 Ra3 36. Kg2 Kf7 37. Bd1 Kf6 38. Kh3 g5 39.
fxg5+ hxg5 40. Kg2 Ke5 41. g4 f4 42. b6 Kxd5 43.
Kf1 f3 44. Kf2 Ke5 45. Kg3 d5 46. Bc2 d4 47. Bb1 d3 48. Ba2 Rxa2 49. Kh3 f2 50.
Kg3 f1=R 51. Kh3 Rf3# 0-1

[Event "Live Chess"]
[Site "Chess.com"]
[Date "2023.05.21"]
[Round "-"]
[White "ACx04"]
[Black "RoaringKnights"]
[Result "0-1"]
[WhiteElo "414"]
[BlackElo "1034"]
[TimeControl "300"]
[EndTime "1:58:06 PDT"]
[Termination "RoaringKnights won by resignation"]

1. e4 c6 2. Bc4 d5 3. exd5 cxd5 4. Bb3 Nc6 5. d4 Bf5 6. a3 e6 7. Bf4 Qa5+ 8. c3 Nf6 9. Nd2 Ne4 10. Qe2 Nxd2 11. Kd1 Nxb3 12. Rb1 Bxb1 13. Ke1 Be7 14. Nf3 Be4 15. h3 Bxf3 16. Qxf3 Nbxd4 17. Qd3 Nf5 18. g4 Nfd4 19. b4 Qxa3 20. Kf1 Nb3 21. h4 Qa6 22.
Qxa6 bxa6 23. Rh3 O-O 24. Kg2 d4 25. cxd4 Nbxd4 26. f3 Bxb4 27. Kg3 Rab8 28. Bxb8 Rxb8 29. f4 Be1+ 30. Kg2 Rb2+ 31. Kh1 Rb1 32. Kh2 Ne2 33.
Kg2 Nxf4+ 34. Kf3 Nxh3 35. Ke3 Rb3+ 0-1

[Event "Live Chess"]
[Site "Chess.com"]
[Date "2023.05.21"]
[Round "-"]
[White "Cimon"]
[Black "WelshTiger"]
[Result "0-1"]
[WhiteElo "1840"]
[BlackElo "2350"]
[TimeControl "300"]
[EndTime "1:58:18 PDT"]
[Termination "WelshTiger won by resignation"]

1. Nf3 d5 2. d4 Nf6 3. c4 e6 4.
g3 c5 5. Bg2 Nc6 6. dxc5 d4 7.
O-O Bxc5 8. a3 a5 9. Bg5 h6 10. Bf4 Qe7 11. Ne5 Bd7 12. Nxd7 Qxd7 13. h4 O-O 14.
Qc2 Rfe8 15. Bd2 e5 16. Qa4 e4 17. e3 Qd6 18. Bh3 dxe3 19. Bxe3 Bxe3 20. fxe3 Qxg3+ 0-1

[Event "Live Chess"]
[Site "Chess.com"]
[Date "2023.05.21"]
[Round "-"]
[White "Delacorta"]
[Black "YrrriKharkiv"]
[Result "0-1"]
[WhiteElo "1414"]
[BlackElo "2058"]
[TimeControl "300"]
[EndTime "1:58:30 PDT"]
[Termination "YrrriKharkiv won by resignation"]

1. d4 Nf6 2. Nf3 d5 3. e3 e6 4.
Bd3 c5 5. b3 cxd4 6. exd4 Nc6 7. Bb2 Bb4+ 8. Nbd2 O-O 9. O-O Qc7 10. Ne5 Bd6 11.
f4 Ne8 12. Rf3 f6 13. Bxh7+ Kxh7 14. Rh3+ Kg8 15. Ng6 f5 16. Nxf8 Bxf8 17. Qh5 Bd7 18. Qh8+ Kf7 19. Qh5+ g6 20. Qh7+ Bg7 21. Rg3 Qxf4 22.
Qxg6+ Ke7 23. Nf3 Nxd4 24. Nxd4 Bxd4+ 25. Bxd4 Qxd4+ 26. Kf1 Qxa1+ 27. Kf2 Qd4+ 28. Kf1 Qf6 29. Qh7+ Qf7 30. Qh4+ Nf6 31. Qb4+ Ke8 32. Qxb7 Rd8 33. Rc3 Ne4 34. Rc7 Nd6 35. Qb4 Qe7 36. Qd2 Bb5+ 37.
Kf2 Qxc7 0-1

[Event "Live Chess"]
[Site "Chess.com"]
[Date "2023.05.21"]
[Round "-"]
[White "Denz14"]
[Black "Shepherds_Pie"]
[Result "0-1"]
[WhiteElo "1046"]
[BlackElo "1926"]
[TimeControl "300"]
[EndTime "1:58:36 PDT"]
[Termination "Shepherds_Pie won by checkmate"]

1. e4 e6 2. Nf3 c5 3. c3 Nf6 4. d3 d5 5. e5 Nfd7 6. Bg5 Qb6 7. Qc2 Nc6 8. Na3 Ndxe5 9. Nxe5 Nxe5 10. Be2 Bd6 11. Bf4 Bd7 12. O-O Ng6 13. Bxd6 Qxd6 14.
Qd2 O-O 15. Nc2 e5 16. Ne3 f5 17. g3 f4 18. Ng4 f3 19. Bd1 Bxg4 20. Qg5 Qe6 21.
Re1 Rae8 22. d4 cxd4 23. cxd4 e4 24. Bb3 Rd8 25. Rac1 h6 26. Qe3 Kh7 27. Rc7 Rd7 28.
Rec1 Rxc7 29. Rxc7 Rf7 30. Qc3 Bh3 31. Qc5 Nf4 32. Bxd5 Qxd5 33. Rxf7 Qxf7 34. gxf4 Qg6+ 35. Kh1 Qg2# 0-1

[Event "Live Chess"]
[Site "Chess.com"]
[Date "2023.05.21"]
[Round "-"]
[White "JohanKjeldahl"]
[Black "TheSmoulderingMaster"]
[Result "0-1"]
[WhiteElo "1895"]
[BlackElo "1697"]
[TimeControl "300"]
[EndTime "1:58:39 PDT"]
[Termination "TheSmoulderingMaster won by resignation"]

1. e4 c5 2. Nf3 d6 3. d4 cxd4 4. Nxd4 Nf6 5. Nc3 g6 6. Be3 Bg7 7. f3 O-O 8. Bc4 Nc6 9. Qd2 d5 10. exd5 Ne5 11. Bb3 a5 12. O-O-O a4 13. Nxa4 Rxa4 14.
Bxa4 Nc4 15. Qd3 Qxd5 16. Bb3 b5 17. Rhe1 Ba6 18. Ne2 Qe5 19. Bd4 Qg5+ 20. f4 Qxg2 21. f5 Rd8 22. fxg6 hxg6 23. Qg3 Qc6 24. Bc3 Rc8 25. Nd4 Qc5 26. h4 b4 27. Bd2 Qxd4 28. Bxc4 Bxc4 29. Rxe7 Bxa2 30. Bg5 Qc5 31. Qd3 Qxe7 32.
Bxf6 Qxf6 0-1

[Event "Live Chess"]
[Site "Chess.com"]
[Date "2023.05.21"]
[Round "-"]
[White "1PRK1"]
[Black "jagbama"]
[Result "1-0"]
[WhiteElo "1349"]
[BlackElo "1159"]
[TimeControl "300"]
[EndTime "1:58:47 PDT"]
[Termination "1PRK1 won by resignation"]

1. e4 e5 2. Nf3 Nc6 3. Bb5 Bc5 4. c3 Nf6 5. d3 O-O 6. O-O d6 7. h3 a6 8. Ba4 b5 9. Bc2 Nh5 10. Nxe5 Qh4 11. Nxc6 Bxh3 12. Ne7+ Kh8 13. Nf5 Bxf5 14.
exf5 g6 15. Qf3 gxf5 16. d4 Ba7 17. Bxf5 Qg4 18. Bxg4 1-0

[Event "Live Chess"]
[Site "Chess.com"]
[Date "2023.05.21"]
[Round "-"]
[White "chessfiction"]
[Black "MarkLim1"]
[Result "1-0"]
[WhiteElo "2332"]
[BlackElo "1721"]
[TimeControl "300"]
[EndTime "1:58:50 PDT"]
[Termination "chessfiction won by resignation"]

1. e4 e6 2. d4 d5 3. Nc3 Nf6 4. e5 Nfd7 5. Nce2 c5 6. f4 Nc6 7. Nf3 b5 8. h4 b4 9. h5 Ba6 10. c3 bxc3 11. bxc3 Qa5 12. Bd2 Qb6 13. Rb1 Qc7 14.
Qa4 Bxe2 15. Bxe2 h6 16. O-O Be7 17. g4 O-O 18. f5 exf5 19. gxf5 Nb6 20. Qc2 cxd4 21.
cxd4 Rac8 22. Rfc1 Qd7 23. Bb5 Nxd4 24. Bxd7 Nxc2 25.
Bxc8 Rxc8 26. Rb2 Na3 27. Rxc8+ Nxc8 28. Rb8 1-0

[Event "Live Chess"]
[Site "Chess.com"]
[Date "2023.05.21"]
[Round "-"]
[White "LiamClery2020"]
[Black "TKDRyan"]
[Result "1-0"]
[WhiteElo "2030"]
[BlackElo "1136"]
[TimeControl "300"]
[EndTime "1:58:58 PDT"]
[Termination "LiamClery2020 won by resignation"]

1. e4 c5 2. Nf3 d6 3. Bb5+ Nc6 4. O-O Bd7 5. Bxc6 Bxc6 6. Re1 e6 7. c3 Nf6 8. d4 cxd4 9. cxd4 Bxe4 10. Nc3 Bc6 11.
d5 Nxd5 12. Nxd5 Bxd5 13. Qxd5 Be7 14. Qxb7 O-O 15. Be3 Rb8 16. Qxa7 Rxb2 17. Rac1 Bf6 18. Bd4 Bxd4 19. Nxd4 Qf6 20. Nf3 d5 21. Qa6 Rbb8 22. h3 Ra8 23. Qe2 Rfb8 24. Ne5 Rb4 25. Qa6 Rxa6 26. Rc8+ 1-0

[Event "Live Chess"]
[Site "Chess.com"]
[Date "2023.05.21"]
[Round "-"]
[White "whitedjohn"]
[Black "RamsayFlayer"]
[Result "0-1"]
[WhiteElo "1640"]
[BlackElo "1969"]
[TimeControl "300"]
[EndTime "1:59:03 PDT"]
[Termination "RamsayFlayer won on time"]

1. e4 e5 2. Nf3 Nc6 3. Bb5 a6 4. Ba4 Nf6 5. O-O Be7 6. Re1 b5 7. Bb3 d6 8. c3 O-O 9. h3 Na5 10.
Bc2 c5 11. d4 Qc7 12. Nbd2 cxd4 13. cxd4 Bb7 14. Nf1 Rac8 15. Bb1 Nc4 16. b3 Nb6 17. dxe5 dxe5 18. Bg5 h6 19. Bh4 Rfd8 20. Qe2 Qc3 21.
Qe3 Qxa1 22. Qxb6 Ba8 23. Bxf6 Bxf6 24. Qxa6 Bc6 25. Bd3 Qc3 26. Bxb5 Bxb5 27. Qxb5 Rd3 28. N1h2 Rcd8 29. b4 Rd1 30. Rxd1 Rxd1+ 31. Nf1 Qd3 32. Qxd3 Rxd3 33. N1d2 Ra3 34. Nc4 Rxa2 35. Ncxe5 Rb2 36. Nd3 Rb3 37. Nfe1 Bc3 38. Nc2 Rb1+ 39. Kh2 Rd1 40.
Nc5 Rd2 41. Ne3 Rxf2 42. Kg3 Rb2 43. Nd5 Be5+ 44. Kf3 Kf8 45. Nd7+ Ke8 46. Nxe5 f6 47. Nd3 Kd7 48. Nxb2 Kd6 49. Nd3 Kc6 50. Ke3 Kb5 51. Kd4 Kc6 52. Kc4 Kb7 53. b5 Kc8 54. Kc5 Kb7 55.
b6 Kc8 56. Kc6 Kd8 57. Nc5 Ke8 58. b7 Kf7 59. b8=Q Kg6 60. Qf4 Kh5 61. Qg3 g5 62.
Qg4+ Kg6 0-1